 Dungeon Crawl Stone Soup version 0.17.2-1-ge4368a0 (webtiles) character file.

324 ololoev the Chopper (level 6, 0/48 HPs)
             Began as a Demonspawn Fighter on Oct 25, 2016.
             Killed from afar by an orc wizard (9 damage)
             ... with a puff of flame
             ... on level 5 of the Dungeon.
             The game lasted 00:07:56 (968 turns).

ololoev the Chopper (Demonspawn Fighter)             Turns: 968, Time: 00:07:56

Health: 0/48       AC: 11    Str: 18    XL:     6   Next: 23%
Magic:  7/7        EV:  5    Int:  9    God:
Gold:   78         SH:  0    Dex: 13    Spells: 1 memorised, 4 levels left

rFire  . . .     SeeInvis .     a - +0 war axe
rCold  . . .     Clarity  .     g - +0 plate armour
rNeg   . . .     SustAt   .     (no shield)
rPois  .         Gourm    .     (no helmet)
rElec  .         Spirit   .     (no cloak)
rCorr  .         Warding  .     (no gloves)
rMut   .         Stasis   .     (no boots)
MR     +....                    (no amulet)
Stlth  ..........               (no ring)
                                n - ring of protection from magic

@: somewhat resistant to hostile enchantments, extremely unstealthy
A: claws 1, powered by pain 1, rot immunity
a: no special abilities


Innate Abilities, Weirdness & Mutations

You have sharp fingernails.
You sometimes gain a little power by taking damage.
You are immune to rotting.

Inventory:

Hand Weapons
 a - a +0 war axe (weapon)
Armour
 g - a +0 plate armour (worn)
Jewellery
 n - a ring of protection from magic (left claw)
Scrolls
 b - a scroll of immolation {unknown}
 c - a scroll of random uselessness {unknown}
 f - a scroll of recharging {unknown}
 i - 2 scrolls of remove curse {unknown}
 j - 3 scrolls of identify {unknown}
 l - a scroll of enchant weapon {unknown}
 m - a scroll of fear {unknown}
Potions
 h - a potion of magic {unknown}
Comestibles
 d - a fruit
 e - 2 bread rations
 k - 4 meat rations
 o - a beef jerky


   Skills:
 + Level 3.9 Fighting
 * Level 4.2 Axes
 + Level 3.6 Armour
   Level 2.6 Shields
 + Level 1.1 Spellcasting
 + Level 1.0 Charms
 + Level 1.2 Necromancy


You had 4 spell levels left.
You knew the following spells:

 Your Spells              Type           Power        Failure   Level  Hunger
a - Regeneration          Chrm/Necr      #.........   100%        3    ####...


You were on level 5 of the Dungeon.
You were hungry.

You visited 1 branch of the dungeon, and saw 5 of its levels.

You collected 78 gold pieces.

#### ######### ...
#..@ooo.# #.#
#.#####.##########.#
#.#..........oo.....
#.#.###.##########o.
#.#.###.# #.. ###.#
#.#.....# #.. ....#
#.####### #o. #####
.. #.. #..

Notes
Turn   | Place    | Note
--------------------------------------------------------------
     0 | D:1      | ololoev the Demonspawn Fighter began the quest for the Orb.
     0 | D:1      | Reached XP level 1. HP: 18/18 MP: 1/1
   171 | D:2      | Gained mutation: You have sharp fingernails. [demonic ancestry]
   171 | D:2      | Reached XP level 2. HP: 10/24 MP: 2/2
   304 | D:4      | Noticed a necrophage
   332 | D:4      | Killed a necrophage
   332 | D:4      | Reached XP level 3. HP: 4/30 MP: 3/3
   332 | D:4      | Reached XP level 4. HP: 4/37 MP: 4/4
   395 | D:4      | Learned a level 3 spell: Regeneration
   438 | D:4      | Noticed an ogre
   545 | D:4      | Gained mutation: You are immune to rotting. [demonic ancestry]
   545 | D:4      | Reached XP level 5. HP: 20/42 MP: 5/5
   606 | D:5      | Entered Level 5 of the Dungeon
   667 | D:5      | Reached skill level 1 in Charms
   680 | D:5      | Found a snail-covered altar of Cheibriados.
   704 | D:5      | Reached skill level 4 in Axes
   704 | D:5      | Reached skill level 1 in Necromancy
   799 | D:4      | Gained mutation: You sometimes gain a little power by taking damage. [demonic ancestry]
   799 | D:4      | Reached XP level 6. HP: 8/48 MP: 7/7
   830 | D:4      | Reached skill level 1 in Spellcasting
   968 | D:5      | Killed from afar by an orc wizard

Dungeon Overview and Level Annotations

Branches:
Dungeon (5/15)
 Temple: D:4-7

Altars:
Cheibriados


Message History

Drink which item? (? for menu, Esc to quit)
Okay, then.
The orc wizard gestures wildly while chanting.
The orc wizard flickers and vanishes!
Deactivating autopickup; reactivate with Ctrl-A.
A puff of frost appears from out of thin air!
The puff of frost misses you.
There is a stone staircase leading up here.
You hear some strange, mumbled words.
A puff of flame appears from out of thin air!
The puff of flame hits you! Something hits you but does no damage.
There is a stone staircase leading up here.
You barely miss something. Something hits you but does no damage.
Something hits you but does no damage.
You closely miss something. Something hits you but does no damage.
You closely miss something. Something hits you.
Something hits you but does no damage.
You closely miss something. Something hits you but does no damage.
Something hits you but does no damage.
You slash something! Something hits you but does no damage.
Something completely misses you.
You barely miss something. Something hits you but does no damage.
Something hits you but does no damage.
You closely miss something.
You hear some strange, mumbled words.
A puff of flame appears from out of thin air!
The puff of flame hits you! Something hits you but does no damage.
You miss something.
An orc wizard appears from thin air!
Reactivating autopickup.
The orc wizard barely misses you.
The orc wizard hits you but does no damage.
You closely miss the orc wizard.
The orc wizard is severely wounded.
The orc wizard hits you but does no damage.
You closely miss the orc wizard.
The orc wizard is severely wounded.
The orc wizard hits you but does no damage.
The orc wizard points at you and mumbles some strange words.
The puff of flame hits you!
You die...

You could see an orc wizard and 2 orcs.

Vanquished Creatures
  A necrophage (D:4)
  A jelly (D:5)
  A hound (D:4)
  3 worker ants
  A worker ant zombie (D:5)
  4 adders
  2 oozes
  An adder zombie (D:5)
  2 giant geckos
  11 orcs
  2 giant cockroaches
  2 hobgoblins (D:2)
  7 jackals
  A ball python (D:4)
  A bat (D:2)
  2 rats
42 creatures vanquished.

Action                   |  1- 3 |  4- 6 || total
-------------------------+-------+-------++-------
Melee: War axe           |    65 |   104 ||   169
 Cast: Regeneration      |       |     1 ||     1
  Use: Potion            |     4 |       ||     4

Vault maps used:
D:1:      minmay_arrival_radiant_lines
D:3:      evilmike_ruin_ashenzari, lemuel_crystal_altar, old_standard_altar,
          nicolae_ru_the_path_less_chosen
D:4:      first_bread
D:5:      slow_altar_2, minmay_stone_trees_medium, nemelex_deck
